 Dungeon Crawl Stone Soup version 0.27.0-1-g7a089689b8 (webtiles) character file.

Game seed: 3706801216206420979

142 Strat the Skirmisher (level 5, -2/34 HPs)
             Began as a Gargoyle Necromancer on Aug 5, 2021.
             Slain by a black bear (7 damage)
             ... on level 3 of the Dungeon.
             The game lasted 00:08:36 (4566 turns).

Strat the Skirmisher (Gargoyle Necromancer)         Turns: 4566, Time: 00:08:38

Health: -2/34      AC:  9    Str: 13    XL:     5   Next: 24%
Magic:  8/8        EV: 10    Int: 15    God:
Gold:   97         SH:  0    Dex: 10    Spells: 6/8 levels left

rFire    + . .     SeeInvis .   a - +0 flail
rCold    . . .     Faith    .   (no shield)
rNeg     + . .     Spirit   .   e - +0 ring mail
rPois    ∞         Reflect  .   (no helmet)
rElec    +         Harm     .   (no cloak)
rCorr    .         Rampage  .   (no gloves)
Will     .....                  (no boots)
Stlth    +.........             (no amulet)
HPRegen  0.11/turn              l - ring of protection from fire
MPRegen  0.11/turn              (no ring)

@: no status effects
A: sickness immunity, AC +4, negative energy resistance 1, electricity
resistance, torment resistance 1, petrification resistance
a: no special abilities


You were on level 3 of the Dungeon.
You visited 1 branch of the dungeon, and saw 4 of its levels.

You collected 97 gold pieces.

Inventory:

Hand Weapons
 a - a +0 flail (weapon)
 b - a +0 hunting sling
 x - a +0 mace
Missiles
 h - 34 stones
 u - 16 sling bullets
Armour
 c - a +0 robe
 e - a +0 ring mail (worn)
 w - a +0 scale mail
Jewellery
 f - an amulet of regeneration
 l - a ring of protection from fire (left hand)
 n - a ring of fire
 t - a ring of willpower
Wands
 s - a wand of polymorph (8)
Scrolls
 j - a scroll of magic mapping
 m - a scroll of fear {unknown}
 p - a scroll of enchant weapon {unknown}
 q - 2 scrolls of silence {unknown}
 r - 2 scrolls of noise {unknown}
Potions
 d - a potion of brilliance
 g - a potion of ambrosia {unknown}
 k - 2 potions of curing {unknown}
 o - 2 potions of haste {unknown}
 v - a potion of degeneration {unknown}


   Skills:
 - Level 4.6 Fighting
 * Level 1.7 Maces & Flails
 - Level 1.5 Dodging
 - Level 2.1 Stealth
 - Level 2.0 Spellcasting
 - Level 3.2 Necromancy


You had 6 spell levels left.
You knew the following spells:

 Your Spells              Type           Power      Damage    Failure   Level
a - Pain                  Necr           44%        1d6       13%         1
b - Animate Skeleton      Necr           22%        N/A       13%         1

Your spell library contained the following spells:

 Spells                   Type           Power      Damage    Failure   Level
 Vampiric Draining        Necr           5%         2d6       36%         3
 Animate Dead             Necr           5%         N/A       77%         4
 Agony                    Necr           11%        N/A       98%         5


Dungeon Overview and Level Annotations

Branches:
Dungeon (4/15)
 Temple: D:4-7

Altars:
Hepliaklqana
Kikubaaqudgha
Vehumet
Wu Jian
Zin


Innate Abilities, Weirdness & Mutations

You are immune to sickness and miasma.
Your stone body is resilient. (AC +4)
You are immune to poison.
You resist negative energy. (rN+)
You are resistant to electric shocks. (rElec)
You are resistant to unholy torment.
You are immune to petrification.


Message History

The black bear claws you.
* * * LOW HITPOINT WARNING * * *
The black bear claws you.
* * * LOW HITPOINT WARNING * * *
Your adder bites the black bear.
Your kobold barely misses the black bear.
Your adder barely misses the black bear.
The black bear barely misses your kobold.
The black bear claws your kobold. x2
Your kobold dies!
Your kobold's corpse dissolves into shadows!
Your adder bites the black bear.
Your adder bites the black bear.
The black bear is poisoned.
Your adder poisons the black bear!
Your adder closely misses the black bear.
Your adder bites the black bear.
Your adder closely misses the black bear.
Your adder dissolves into shadows!
The black bear goes berserk!
The black bear bites you but does no damage.
The black bear closely misses you. The black bear barely misses you.
The black bear rages.
You hear an angry growl.
The black bear closely misses you. The black bear misses you.
The black bear claws you but does no damage.
The black bear bites you.
* * * LOW HITPOINT WARNING * * *
The black bear claws you but does no damage. x2
The black bear bites you!
* * * LOW HITPOINT WARNING * * *
The black bear barely misses you. The black bear claws you.
* * * LOW HITPOINT WARNING * * *
As you read the scroll labelled KEPTUJ FA IMARO, it crumbles to dust.
The creatures around you are filled with an inner flame!
It was a scroll of immolation.
The black bear closely misses you. The black bear claws you.
* * * LOW HITPOINT WARNING * * *
The black bear claws you but does no damage.
The black bear bites you!
You die...

##.#......# #...###### ####
##.#..###.# #######...+..#.#
#... ##.#....#.#
#.....#...##.#.# #.##
##.#.##.#.# #.....+.#.##...###.#
##.#.##.#.###.....#......#.....#
##.#....#....####.#.#.......>###
...#########.#......#.........#
#.)# #.#.###..#.....#...# ...#
#.#..@h......#...#.### ##.#
#.####.#.......#.#.S.. ##.#
#....#.....###.#.#.... ...#
####.#...........#.... ####
#...#....#.##...#.... #########
#.######...####.#....
###.......###.#....#.### #.#....
..'.).....'...#.##.#.# #.###'#
#####'######..#.##.###
####.#....


You could see a black bear (berserk, inner flame).

Vanquished Creatures
  Terence (D:2)
  3 gnolls (D:3)
  2 adders (D:3)
  2 dart slugs
  5 orcs (D:3)
  2 endoplasms
  A giant cockroach (D:1)
  4 goblins
  3 hobgoblins
  6 jackals (D:1)
  5 kobolds
  4 quokkas
  6 ball pythons
  3 bats
  4 frilled lizards
  7 rats
58 creatures vanquished.

Vanquished Creatures (others)
  A human (D:3)
1 creature vanquished.

Grand Total: 59 creatures vanquished

Notes
Turn   | Place    | Note
-------+----------+-------------------------------------------
     0 | D:1      | Strat the Gargoyle Necromancer began the quest for the Orb.
     0 | D:1      | Reached XP level 1. HP: 10/10 MP: 3/3
   192 | D:1      | Reached skill level 1 in Fighting
   421 | D:1      | Reached XP level 2. HP: 5/17 MP: 0/5
   714 | D:1      | Reached skill level 2 in Fighting
  1254 | D:1      | Learned a level 1 spell: Animate Skeleton
  1638 | D:2      | Reached XP level 3. HP: 22/22 MP: 6/6
  1742 | D:2      | Reached skill level 3 in Fighting
  1753 | D:2      | Found a faded altar of an unknown god.
  1935 | D:2      | Found a glowing silver altar of Zin.
  1965 | D:2      | Noticed Terence
  2397 | D:3      | Found an ornate altar of the Wu Jian Council.
  2696 | D:2      | Killed Terence
  2697 | D:2      | Reached skill level 4 in Fighting
  2697 | D:2      | Reached XP level 4. HP: 5/29 MP: 7/7
  3671 | D:3      | Found a radiant altar of Vehumet.
  3769 | D:3      | Found a hazy altar of Hepliaklqana.
  3794 | D:3      | Reached XP level 5. HP: 10/34 MP: 8/8
  4023 | D:3      | Found an ancient bone altar of Kikubaaqudgha.
  4023 | D:3      | Noticed a human
  4026 | D:3      | Killed a human
  4185 | D:3      | Reached skill level 1 in Maces & Flails
  4518 | D:4      | Noticed a black bear
  4566 | D:3      | Slain by a black bear

Illustrated notes

Levels and vault maps discovered:
D:1:      mrwooster_arrival_statue_2, layout_basic, nrook_campfire
D:2:      layout_basic, chequers_ecumenical_altar_grove, basic_altar,
          uniq_terence
D:3:      layout_basic, nicolae_wu_jian_glorious_leap,
          nzn_hepliaklqana_mist_gate, tgw_kikubaaqudgha,
          nicolae_overflow_hidden_temple
D:4:      layout_basic, nicolae_uskayaw_murder_on_the_dancefloor,
          mainiacjoe_overflow_boulevard

Skill      XL: |  1  2  3  4  5 |
---------------+----------------+-----
Fighting       | 1 2 4 |  4.6
Maces & Flails | 1 |  1.7
Dodging        | |  1.5
Stealth        | |  2.1
Spellcasting   | |  2.0
Necromancy     | |  3.2

Action                   |  1- 3 |  4- 6 || total
-------------------------+-------+-------++-------
Melee: Club              |     9 |       ||     9
       Unarmed           |     1 |       ||     1
       Rapier            |    39 |       ||    39
       Mace              |     9 |     5 ||    14
       Flail             |       |    55 ||    55
 Fire: Hunting sling     |    48 |    35 ||    83
 Cast: Pain              |    19 |       ||    19
  Use: Scroll            |       |     5 ||     5
Armor: Robe              |    31 |       ||    31
       Ring mail         |       |    48 ||    48
Dodge: Dodged            |    54 |    51 ||   105
